 Dungeon Crawl Stone Soup version 0.32-a0-485-g70f7560b1c (webtiles) character file.

Game seed: 680892965485655736

550 jasper the Martial Artist (level 7, -4/48 HPs)
             Began as a Merfolk Shapeshifter on Feb 26, 2024.
             Was an Initiate of Okawaru.
             Killed by divine providence
             ... invoked by an orc priest
              (16 damage)
             ... on level 4 of the Dungeon.
             The game lasted 00:04:01 (2931 turns).

jasper the Martial Artist (Merfolk Shapeshifter)    Turns: 2931, Time: 00:04:02

Health: -4/48      AC:  6    Str: 15    XL:     7   Next: 29%
Magic:  7/7        EV: 15    Int:  9    God:    Okawaru [......]
Gold:   163        SH:  0    Dex: 15    Spells: 6/6 levels left

rFire   . .          .
                       - Unarmed
rCold   . . .        (no shield)
rNeg    . . .        j - +0 scale mail
rPois   .            (helmet currently unavailable)
rElec   .            (cloak currently unavailable)
rCorr   .            (gloves currently unavailable)
SInv    .            (boots currently unavailable)
Will    .....        (no amulet) Stlth
                     k - +5 ring of evasion
HPRegen 0.28/turn    (no ring)
MPRegen 0.10/turn

%: no passive effects
@: beast-form
A: beast (slay +2), (nimble swimmer 2), mertail
a: Begin Untransformation, Renounce Religion


You were on level 4 of the Dungeon.
You worshipped Okawaru.
Okawaru was noncommittal.
You were a hulking beast.
You visited 2 branches of the dungeon, and saw 5 of its levels.

You collected 163 gold pieces.

Inventory:

Missiles
 b - 4 javelins
 i - 22 stones
 l - 5 poisoned darts (quivered)
Armour
 a - a +0 animal skin
 e - a +0 cloak
 j - a +0 scale mail (worn)
 o - a +2 pair of gloves
Jewellery
 k - a +5 ring of evasion (left hand)
Talismans
 c - a beast talisman (active)
 d - a flux talisman
Scrolls
 f - 2 scrolls of teleportation
 h - 2 scrolls of identify
 r - a scroll of fear
Potions
 g - a potion of magic
 m - a potion of heal wounds
 n - 2 potions of enlightenment
 p - a potion of degeneration {unknown}
 q - 3 potions of might


   Skills:
 - Level 1.1 Fighting
 - Level 2.6 Dodging
 + Level 8.9 Unarmed Combat
 - Level 4.0 Shapeshifting


You had 6 spell levels left.
You didn't know any spells.
Your spell library contained the following spells:

 Spells                   Type           Power      Damage    Failure   Level
 Sublimation of Blood     Necr           0%         N/A       95%         2
 Call Imp                 Summ           Unusable   N/A       N/A         2
 Summon Hydra             Summ           Unusable   N/A       N/A         7

Dungeon Overview and Level Annotations

Branches:
Dungeon (4/15)             Temple (1/1) D:4

Altars:
Ashenzari
Cheibriados
Dithmenos
Elyvilon
Fedhas
Gozag
Makhleb
Nemelex Xobeh
Okawaru
Qazlal
Ru
Sif Muna
Trog
Uskayaw
Wu Jian
Xom
Yredelemnul
Zin
The Shining One

Annotations:
Temple 2 transporters


Innate Abilities, Weirdness & Mutations

You are a hulking beast.
Your limbs bulge with bestial killing power. (Slay +2)
((You are very nimble when in or above water. (Stealth+, EV+, Speed+++)))
Your lower body shifts to a powerful aquatic tail in water.


Message History

Okawaru accepts your kill.
The gnoll hits you from afar with a +0 spear.
You take 3 damage, and have 44/48 hp.
The orc closely misses you. The orc priest barely misses you.
The gnoll misses you.
Things that are here:
a +0 dagger; a +0 ring mail of willpower You hit the gnoll.
The gnoll is heavily wounded.
The orc completely misses you. The orc priest misses you.
The gnoll hits you but does no damage.
You punch the gnoll!
You kill the gnoll!
Okawaru accepts your kill.
You punch the orc!
You kill the orc!
Okawaru accepts your kill.
The orc priest calls down the wrath of Beogh upon you.
Beogh smites you!
You take 11 damage, and have 34/48 hp.
MASSIVE DAMAGE!!
The orc priest mumbles some strange prayers to Beogh against you.
Beogh smites you!
You see here a +0 short sword.
You take 13 damage, and have 21/48 hp.
MASSIVE DAMAGE!!
You hit the orc priest but do no damage.
The orc priest looks encouraged for a moment.
You punch the orc priest!
The orc priest is heavily wounded.
The orc priest closely misses you.
You closely miss the orc priest.
The orc priest is heavily wounded.
The orc priest mumbles some strange prayers to Beogh against you.
Beogh smites you!
* * * LOW HITPOINT WARNING * * *
You take 10 damage, and have 12/48 hp.
MASSIVE DAMAGE!!
You hit the orc priest.
The orc priest is almost dead.
The orc priest invokes the aid of Beogh against you.
Beogh smites you!
You die...

#....... #...###. ##...###. . ##
###....#... ..#.#
######......[... ......
#....#..##......
#....###.......#....##.
#....))............##.
#...oh)...#.........#.
#.........#..........##.
....................#..##.
#.................#......###....
##....##..........##........##...
.....................).......#...
#.#.#.#.#....#...........##..##..
..........##.###....#..#.#.......
#.......#.#....#..#.#.##.##......


You could see an orc priest.

Vanquished Creatures
  2 ogres (D:4)
  A bullfrog (D:4)
  2 scorpions (D:4)
  A bombardier beetle (D:4)
  9 adders
  2 gnolls (D:4)
  2 dart slugs (D:4)
  2 ribbon worms
  5 orcs (D:4)
  2 ball pythons
  2 endoplasms (D:2)
  5 giant cockroaches
  3 goblins (D:1)
  2 hobgoblins (D:1)
  7 jackals
  4 quokkas
  2 bats
  2 frilled lizards
  5 kobolds
  3 rats
63 creatures vanquished.

Notes
Turn   | Place    | Note
-------+----------+-------------------------------------------
     0 | D:1      | jasper the Merfolk Shapeshifter began the quest for the
                  | Orb.
     0 | D:1      | Reached XP level 1. HP: 15/15 MP: 1/1
    90 | D:1      | Reached XP level 2. HP: 17/21 MP: 2/2
   214 | D:1      | Reached skill level 4 in Unarmed Combat
   341 | D:1      | Found a faded altar of an unknown god.
   953 | D:2      | Found a glowing silver altar of Zin.
  1069 | D:2      | Reached XP level 3. HP: 26/26 MP: 3/3
  1260 | D:2      | Reached skill level 5 in Unarmed Combat
  1404 | D:2      | Reached XP level 4. HP: 24/32 MP: 4/4
  2303 | D:4      | Noticed an ogre
  2308 | D:4      | Killed an ogre
  2309 | D:4      | Reached skill level 6 in Unarmed Combat
  2309 | D:4      | Reached XP level 5. HP: 37/37 MP: 5/5
  2414 | D:4      | Reached skill level 7 in Unarmed Combat
  2534 | D:4      | Reached XP level 6. HP: 36/43 MP: 6/6
  2569 | D:4      | Found a staircase to the Ecumenical Temple.
  2597 | D:4      | Reached skill level 8 in Unarmed Combat
  2600 | Temple   | Found a transporter.
  2600 | Temple   | Found a transporter.
  2600 | Temple   | Found a transporter.
  2600 | Temple   | Found a transporter.
  2600 | Temple   | Entered the Ecumenical Temple
  2618 | Temple   | Became a worshipper of Warmaster Okawaru
  2692 | D:4      | Reached XP level 7. HP: 45/48 MP: 7/7
  2931 | D:4      | Killed from afar by an orc priest

Illustrated notes

Levels and vault maps discovered:
D:1:      dpeg_arrival_prison, layout_loops_cross,
          ebering_ecumenical_altar_mist, chequers_mini_garden
D:2:      layout_basic, basic_altar
D:3:      layout_basic
D:4:      layout_cave_pools, minmay_temple_entry_glass, st_stairs_9
Temple:   hellmonk_temple_divided_pantheon

Skill      XL: |  1  2  3  4  5  6 |
---------------+-------------------+-----
Unarmed Combat | 4 5 6 7 8 |  8.9
Fighting       | |  1.1
Dodging        | |  2.6
Shapeshifting  | |  4.0

Action                     |  1- 3 |  4- 6 |  7- 9 || total
---------------------------+-------+-------+-------++-------
  Melee: Unarmed           |    74 |    85 |    21 ||   180
         Punch             |     1 |     1 |       ||     2
  Throw: Dart              |     5 |     1 |     2 ||     8
    Use: Scroll            |     5 |     8 |       ||    13
         Potion            |       |     2 |       ||     2
   Stab: Sleeping          |     1 |       |       ||     1
 Armour: Animal skin       |     8 |       |       ||     8
         Scale mail        |    22 |    33 |     7 ||    62
         Skin              |       |    31 |       ||    31
  Dodge: Dodged            |    43 |    44 |    14 ||   101

Table legend: (Time is in decaauts)
 A = Elapsed time spent in this place.
 B = Non-inter-level travel time spent in this place.
 C = Inter-level travel time spent in this place.
 D = Time resting spent in this place.
 E = Time spent auto-exploring this place.
 F = Levels seen in this place.
 G = Mean time per level.
                   A        B        C        D        E       F      G
               +--------+--------+--------+--------+--------+-----+--------+
         Total |   2916 |   2796 |    120 |    116 |   2149 |   5 |  583.2 |
       Dungeon |   2873 |   2765 |    108 |    116 |   2149 |   4 |  718.2 |
        Temple |     42 |     30 |     12 |      0 |      0 |   1 |   42.0 |
               +--------+--------+--------+--------+--------+-----+--------+

Top non-repeatable levels by time:
     D:1: 947 daAuts
     D:2: 760 daAuts
     D:3: 585 daAuts
     D:4: 580 daAuts
  Temple: 42 daAuts
